[Event "Early Titled Tuesday Blitz | February 8 2022"]
[White "Horvath, Dominik"]
[Black "Bifulco, Michel"]
[WhiteFideId "1642561"]
[BlackFideId "828580"]
[WhiteElo "2336"]
[BlackElo "2165"]
[Result "1-0"]
[Round "01"]
[TimeControl "180+1"]
[Date "2022.02.08"]
[WhiteClock "0:00:06"]
[BlackClock "0:00:01"]

1. d4 Nf6 2. c4 g6 3. Nc3 Bg7 4. e4 d6 5. Nf3 O-O 6. Be2 e5 7. O-O Nc6 8. dxe5 dxe5 9. Bg5 Qxd1 10. Rfxd1 Be6 11. h3 h6 12. Be3 Rad8 13. Kf1 Rfe8 14. Rac1 Rd7 15. Rxd7 Nxd7 16. Nd5 Rc8 17. Rd1 Kh7 18. a3 f5 19. b4 Nb6 20. c5 Nd7 21. Nc3 f4 22. Bc1 g5 23. Bb2 a6 24. Nd5 Nf6 25. Nxf6+ Bxf6 26. Ke1 Kg7 27. Nh2 Kf7 28. Bh5+ Ke7 29. Bg4 Rd8 30. Bxe6 Rxd1+ 31. Kxd1 Kxe6 32. Ng4 Bg7 33. f3 Na7 34. Kc2 Nb5 35. Kd3 c6 36. Nf2 Nc7 37. Kc4 Bf8 38. a4 a5 39. b5 Be7 40. Nd3 Bf6 41. Bc3 cxb5+ 42. axb5 a4 43. Bb4 h5 44. Nb2 Be7 45. Nxa4 g4 46. hxg4 hxg4 47. Nc3 gxf3 48. gxf3 Bd6 49. cxd6 1-0


[Site "https://www.chess.com"]

[Event "Early Titled Tuesday Blitz | February 8 2022"]
[White "Idrisov, Ildar F"]
[Black "Triapishko, Alexandr"]
[WhiteFideId "4151020"]
[BlackFideId "14122286"]
[WhiteElo "2209"]
[BlackElo "2479"]
[Result "0-1"]
[Round "01"]
[TimeControl "180+1"]
[Date "2022.02.08"]
[WhiteClock "0:00:22"]
[BlackClock "0:00:05"]

1. Nf3 c5 2. b3 Nc6 3. Bb2 d6 4. d4 cxd4 5. Nxd4 Nf6 6. g3 g6 7. Bg2 Bd7 8. O-O Bg7 9. c4 O-O 10. Nc3 Qa5 11. Nd5 Nxd5 12. Bxd5 Rac8 13. Nxc6 bxc6 14. Bxg7 Kxg7 15. Bf3 Qe5 16. Qd2 a5 17. Rfd1 Rb8 18. Rab1 Rfd8 19. Qd4 Qxd4 20. Rxd4 c5 21. Rd2 a4 22. Rdb2 Bf5 23. e4 Be6 24. Be2 a3 25. Rc2 f5 26. Bd3 fxe4 27. Bxe4 Bf5 28. Re1 Kf6 29. f4 h5 30. Rce2 Re8 31. Bxf5 gxf5 32. Re6+ Kf7 33. Rh6 Rh8 34. Rhe6 Rb7 35. Kg2 h4 36. R1e3 hxg3 37. hxg3 Rh7 38. Re1 Rg7 39. R1e2 Rg6 40. R6e3 e6 41. Rd3 Ke7 42. Red2 Rb6 43. Kf3 Rh6 44. Kg2 Kd7 45. Rd1 Kc7 46. Rh1 Rxh1 47. Kxh1 Rb8 48. Rd2 Rd8 49. Kg2 Kb6 50. Kf3 Ka5 51. Re2 Re8 52. Rd2 Kb4 53. Rd3 e5 54. fxe5 dxe5 55. Re3 Re7 56. Ke2 e4 57. Kd2 Rh7 58. Re2 Rd7+ 59. Kc2 Rd3 60. Rf2 Rc3+ 61. Kb1 Rf3 62. Rd2 Rxg3 63. Rd8 Kc3 64. Rd1 e3 65. Rc1+ Kd2 66. Rc2+ Kd3 67. Rc1 e2 68. b4 Rf3 0-1


[Site "https://www.chess.com"]

[Event "Early Titled Tuesday Blitz | February 8 2022"]
[White "Iljushina, Olga"]
[Black "Alinasab, Mobina"]
[WhiteFideId "4152280"]
[BlackFideId "12528897"]
[WhiteElo "1937"]
[BlackElo "2061"]
[Result "0-1"]
[Round "01"]
[TimeControl "180+1"]
[Date "2022.02.08"]
[WhiteClock "0:00:02"]
[BlackClock "0:00:07"]

1. d4 Nf6 2. c4 b6 3. Nc3 Bb7 4. Bf4 g6 5. e3 Bg7 6. Nf3 O-O 7. Be2 d6 8. O-O Nh5 9. Bg3 Nxg3 10. hxg3 Nd7 11. e4 e5 12. d5 a5 13. a3 f5 14. exf5 Rxf5 15. Bd3 Rf8 16. Qd2 Nc5 17. Bc2 a4 18. Ne4 Ba6 19. Nxc5 bxc5 20. Bxa4 Bxc4 21. Bc6 Bxf1 22. Rxf1 Rb8 23. b4 cxb4 24. axb4 Qf6 25. b5 e4 26. Nh2 Qd4 27. Rd1 Qxd2 28. Rxd2 Rf7 29. Ng4 h5 30. Ne3 Bh6 31. Re2 Bxe3 32. Rxe3 Rbf8 33. Re2 Kg7 34. g4 hxg4 35. Rxe4 Rf4 36. Re7+ R8f7 37. Re2 Rb4 38. Kh2 Kh6 39. Kg3 Kg5 40. f4+ gxf3 41. gxf3 Rb3 42. Rf2 Rf4 43. Kg2 Kf5 44. Bd7+ Kf6 45. Bc6 g5 46. Kg3 Re3 47. Bd7 Ke5 48. Bc6 g4 49. Rc2 Rexf3+ 50. Kg2 Re3 51. Bd7 Rd4 52. Rxc7 Rd2+ 53. Kf1 Rf3+ 54. Kg1 Ra3 55. Bxg4 Ra1+ 0-1


[Site "https://www.chess.com"]

[Event "Early Titled Tuesday Blitz | February 8 2022"]
[White "Izoria, Zviad"]
[Black "Dilmukhametov, Artur"]
[WhiteFideId "13601733"]
[BlackFideId "24179922"]
[WhiteElo "2626"]
[BlackElo "2266"]
[Result "1-0"]
[Round "01"]
[TimeControl "180+1"]
[Date "2022.02.08"]
[WhiteClock "0:00:14"]
[BlackClock "0:00:17"]

1. Nf3 Nf6 2. c4 g6 3. g3 Bg7 4. Bg2 O-O 5. O-O d6 6. Nc3 Nbd7 7. d4 c6 8. e4 e5 9. h3 Re8 10. Be3 exd4 11. Nxd4 a5 12. Qc2 Nc5 13. Rad1 Qe7 14. Rfe1 Nfd7 15. b3 Nb6 16. f4 a4 17. Bf2 axb3 18. axb3 Bd7 19. Nf3 Ra3 20. Bxc5 dxc5 21. e5 Bf5 22. Qb2 Rea8 23. g4 Be6 24. Ne4 Ra2 25. Qc3 R8a3 26. Nf6+ Kh8 27. Rd2 Rxd2 28. Nxd2 Ra8 29. Nde4 Rd8 30. Qe3 Nd7 31. g5 Bf5 32. Nd6 Nf8 33. Qxc5 Ne6 34. Qe3 Bxf6 35. gxf6 Qc7 36. Rd1 Ra8 37. Rd2 Kg8 38. Kh2 h6 39. h4 Ra1 40. Qg3 c5 41. Nxf5 Kh7 42. Ne7 Nd4 43. Be4 1-0


[Site "https://www.chess.com"]

[Event "Early Titled Tuesday Blitz | February 8 2022"]
[White "Jaferian, Koosha"]
[Black "Sahil, Tickoo"]
[WhiteFideId "12507440"]
[BlackFideId "5019710"]
[WhiteElo "2027"]
[BlackElo "2099"]
[Result "1-0"]
[Round "01"]
[TimeControl "180+1"]
[Date "2022.02.08"]
[WhiteClock "0:00:08"]
[BlackClock "0:00:08"]

1. Nf3 d5 2. b3 Nf6 3. Bb2 c6 4. g3 Bf5 5. Bg2 e6 6. O-O h6 7. d3 Be7 8. Nbd2 O-O 9. e3 a5 10. a4 Na6 11. Qe2 Bh7 12. Ne1 Nb4 13. f4 Rc8 14. h3 Re8 15. g4 Nd7 16. e4 dxe4 17. dxe4 Bc5+ 18. Kh1 Nf8 19. Rd1 Qe7 20. Nc4 Ra8 21. c3 Na6 22. Nxa5 Ba7 23. Nc4 Nc5 24. Ba3 Qc7 25. Bxc5 Bxc5 26. Nd3 Be7 27. Qf3 Red8 28. Nde5 b5 29. axb5 cxb5 30. Nb2 Ra2 31. Rf2 Rxd1+ 32. Nxd1 Ra1 33. Kh2 Qd6 34. Ne3 Rb1 35. b4 Bf6 36. Qg3 Bxe5 37. fxe5 Qd3 38. Qf3 Bg6 39. h4 Re1 40. Nf5 Qxf3 41. Ne7+ Kh7 42. Bxf3 Re3 43. Kg2 Bxe4 44. Bxe4+ Rxe4 45. Rxf7 Rxg4+ 46. Kh3 Rc4 47. Rxf8 Rxc3+ 48. Kg2 Rc4 49. h5 g5 50. hxg6+ Kg7 51. Rf7+ Kh8 52. Rh7# 1-0


[Site "https://www.chess.com"]

[Event "Early Titled Tuesday Blitz | February 8 2022"]
[White "Jain Kashish Manoj"]
[Black "Hansen, Eric"]
[WhiteFideId "35081098"]
[BlackFideId "2606771"]
[WhiteElo "1681"]
[BlackElo "2568"]
[Result "0-1"]
[Round "01"]
[TimeControl "180+1"]
[Date "2022.02.08"]
[WhiteClock "0:00:14"]
[BlackClock "0:01:33"]

1. e4 e5 2. Nf3 Nc6 3. Bc4 Bc5 4. b4 Bxb4 5. c3 Be7 6. d4 Na5 7. Bd3 d6 8. dxe5 dxe5 9. Nxe5 Nf6 10. O-O O-O 11. Qc2 c5 12. Nd2 Qc7 13. f4 Be6 14. c4 b5 15. cxb5 c4 16. Ndxc4 Nxc4 17. Nxc4 Rac8 18. Ne3 Qb6 19. Qe2 Bg4 20. Qf2 Rfd8 21. Be2 Nxe4 22. Qe1 Rxc1 23. Qxc1 Bc5 0-1


[Site "https://www.chess.com"]

[Event "Early Titled Tuesday Blitz | February 8 2022"]
[White "Jaivardhan Raj"]
[Black "Haddouche, Mohamed"]
[WhiteFideId "25744437"]
[BlackFideId "7900660"]
[WhiteElo "1375"]
[BlackElo "2443"]
[Result "0-1"]
[Round "01"]
[TimeControl "180+1"]
[Date "2022.02.08"]
[WhiteClock "0:00:19"]
[BlackClock "0:00:05"]

1. e4 e5 2. d4 exd4 3. Qxd4 Nc6 4. Qe3 Nf6 5. Nc3 Bb4 6. Bd2 O-O 7. O-O-O Re8 8. f3 d5 9. Qf2 d4 10. Nb5 Bc5 11. Bf4 Nh5 12. Bxc7 Qe7 13. g4 a6 14. Bd6 Bxd6 15. Nxd6 Qxd6 16. gxh5 Be6 17. a3 b5 18. Bh3 b4 19. a4 b3 20. c3 Qc5 21. Bxe6 fxe6 22. Ne2 e5 23. Rhg1 Re7 24. h6 g6 25. Qh4 Qc4 26. Kd2 Rf8 27. Rg3 Rd7 28. Ke1 Rdf7 29. Kf2 dxc3 30. Nxc3 Nd4 31. Qg4 Nxf3 32. Rxf3 Rxf3+ 33. Qxf3 Rxf3+ 34. Kxf3 Qf7+ 35. Ke2 Qe7 36. Nd5 Qh4 37. Ne3 Qxe4 38. Rd8+ Kf7 39. Rd7+ Kf6 40. Rxh7 Kg5 41. Rh8 Qh4 42. h7 Qxh2+ 43. Kd3 e4+ 44. Kxe4 Qf4+ 45. Kd3 Qd6+ 46. Ke2 Qe7 47. Kd3 Qg7 48. Rd8 Qxh7 49. Rd5+ Kh4 50. Rd4+ Kg3 51. Rg4+ Kf3 52. Rg5 Qg7 53. Nd5 Qxb2 54. Nc3 Qc2+ 55. Kc4 b2 56. Rxg6 b1=Q 57. Rf6+ Kg4 58. Rf4+ Kxf4 59. Kd4 Qb4+ 60. Kd5 Qcxc3 61. Ke6 Qcc5 62. Kf7 Qb7+ 63. Kg6 Qbb6+ 64. Kg7 Qcc7+ 65. Kg8 Qbb8# 0-1


[Site "https://www.chess.com"]

[Event "Early Titled Tuesday Blitz | February 8 2022"]
[White "Janaszak, Dawid"]
[Black "Warchol, Kamil"]
[WhiteFideId "1119206"]
[BlackFideId "21858241"]
[WhiteElo "2199"]
[BlackElo "1905"]
[Result "1-0"]
[Round "01"]
[TimeControl "180+1"]
[Date "2022.02.08"]
[WhiteClock "0:00:19"]
[BlackClock "0:00:22"]

1. e4 c5 2. Nc3 a6 3. Nge2 b5 4. g3 Bb7 5. Bg2 e6 6. O-O Ne7 7. d4 cxd4 8. Nxd4 Nbc6 9. Re1 Nxd4 10. Qxd4 Nc6 11. Qd2 Be7 12. Nd5 exd5 13. exd5 O-O 14. dxc6 Bxc6 15. b3 Bf6 16. Rb1 Qc7 17. Bb2 Bxb2 18. Rxb2 Rac8 19. Rd1 Rfe8 20. h4 h6 21. Re1 Rxe1+ 22. Qxe1 Bxg2 23. Kxg2 Qc3 24. Qxc3 Rxc3 25. Kf1 b4 26. Ke2 d5 27. Kd2 Rf3 28. Ke2 Rc3 29. a3 bxa3 30. Ra2 a5 31. Kd1 Rf3 32. Rxa3 Rxf2 33. Rxa5 Rf5 34. b4 Kf8 35. Ke2 Ke7 36. b5 Kd6 37. b6 Kc6 38. g4 Re5+ 39. Kd3 Kxb6 40. Ra8 Kc6 41. Ra6+ Kd7 42. Kd4 Re2 43. Kxd5 Rxc2 44. Ra7+ Ke8 45. g5 hxg5 46. hxg5 Rd2+ 47. Ke5 Re2+ 48. Kf5 Rf2+ 49. Ke5 g6 50. Rb7 Rf5+ 51. Kd6 Rxg5 52. Rb8# 1-0


[Site "https://www.chess.com"]

[Event "Early Titled Tuesday Blitz | February 8 2022"]
[White "Jaracz, Pawel"]
[Black "Carre, Sylvain"]
[WhiteFideId "1102222"]
[BlackFideId "642118"]
[WhiteElo "2429"]
[BlackElo "2105"]
[Result "1-0"]
[Round "01"]
[TimeControl "180+1"]
[Date "2022.02.08"]
[WhiteClock "0:01:38"]
[BlackClock "0:00:02"]

1. d4 d5 2. c4 c6 3. e3 Nf6 4. Nc3 e6 5. b3 Nbd7 6. Bd3 b6 7. Nge2 Bb7 8. O-O Be7 9. e4 dxe4 10. Nxe4 Nxe4 11. Bxe4 Nf6 12. Bf3 Qc7 13. Bf4 Bd6 14. Bxd6 Qxd6 15. Qc2 O-O-O 16. c5 bxc5 17. dxc5 Qd3 18. Qc1 Qd2 19. Qc4 Qd3 20. Qa4 Qa6 21. Qf4 Rd7 22. Qg5 Rg8 23. Rfe1 Nd5 24. Ng3 Qa5 25. Ne4 Kb8 26. a3 Qd8 27. Qg3+ Ka8 28. Nd6 Ba6 29. b4 g6 30. Rab1 h5 31. a4 Bb7 32. b5 cxb5 33. Nxb7 Rxb7 34. axb5 Qc7 35. c6 1-0


[Site "https://www.chess.com"]

[Event "Early Titled Tuesday Blitz | February 8 2022"]
[White "Jarocka, Liwia"]
[Black "Kushagra, Mohan"]
[WhiteFideId "21807558"]
[BlackFideId "25033638"]
[WhiteElo "1896"]
[BlackElo "1886"]
[Result "1/2-1/2"]
[Round "01"]
[TimeControl "180+1"]
[Date "2022.02.08"]
[WhiteClock "0:00:16"]
[BlackClock "0:00:20"]

1. d4 Nf6 2. Bf4 g6 3. e3 Bg7 4. h3 O-O 5. Nf3 d6 6. c3 c5 7. Nbd2 cxd4 8. exd4 Nc6 9. Be2 Nd5 10. Bh2 e5 11. dxe5 dxe5 12. O-O Nf4 13. Bxf4 exf4 14. Nc4 Qc7 15. Qd6 Qxd6 16. Nxd6 Be6 17. Rfc1 Rab8 18. b3 Rfd8 19. Nc4 b5 20. Ncd2 b4 21. Ne4 Bf5 22. Nc5 Bxc3 23. Rxc3 bxc3 24. Rc1 c2 25. Nh4 Rd2 26. Nxf5 gxf5 27. Kf1 Nb4 28. Ke1 Rd5 29. a3 Rxc5 30. axb4 Rxb4 31. Bc4 Rcxc4 32. bxc4 Rxc4 33. Kd2 f3 34. gxf3 Kg7 35. Rg1+ Kf6 36. Kc1 a5 37. Rg8 a4 38. Ra8 Ke5 39. Ra7 Kf6 40. Ra6+ Kg5 41. Ra7 Kg6 42. f4 f6 43. f3 Rc3 44. Rxa4 Rxf3 45. Kxc2 Rxh3 46. Kd2 Kh5 47. Ke2 Kg4 48. Ra6 Rh6 49. Ke3 Rh3+ 50. Kf2 Kxf4 51. Rxf6 Kg5 52. Rf8 h5 53. Kg2 Ra3 54. Rg8+ Kf4 55. Rh8 Kg4 56. Rg8+ Kf4 57. Rh8 Ra2+ 58. Kh3 Ra3+ 59. Kg2 1/2-1/2


[Site "https://www.chess.com"]

[Event "Early Titled Tuesday Blitz | February 8 2022"]
[White "Jaskolka, Tomasz"]
[Black "Vakhlamov, Igor L."]
[WhiteFideId "1170791"]
[BlackFideId "24126748"]
[WhiteElo "2054"]
[BlackElo "2401"]
[Result "0-1"]
[Round "01"]
[TimeControl "180+1"]
[Date "2022.02.08"]
[WhiteClock "0:00:02"]
[BlackClock "0:00:10"]

1. d4 d5 2. Bf4 Nf6 3. e3 Bf5 4. c4 e6 5. Nc3 Bb4 6. Qb3 Nc6 7. a3 Bxc3+ 8. bxc3 Na5 9. Qa4+ c6 10. c5 b5 11. Qb4 Nc4 12. Bxc4 dxc4 13. Ne2 Nd5 14. Qb2 O-O 15. Bd6 Re8 16. Ng3 Bd3 17. e4 Nf6 18. f3 Nd7 19. Kf2 f5 20. Rhe1 Qh4 21. Kg1 Nf6 22. Qf2 a5 23. Nh1 Qh5 24. Ng3 Qg6 25. exf5 exf5 26. Rxe8+ Rxe8 27. Re1 Nd5 28. Qd2 h6 29. Kf2 Kh7 30. Be5 f4 31. Ne4 Rf8 32. Nd6 Qh5 33. Kg1 Qg5 34. Qf2 Nxc3 35. h4 Qg6 36. h5 Qxh5 37. Qd2 Nd5 38. Qxa5 Qg6 39. Qc7 Ne3 40. g4 Qg5 41. Kf2 Qh4+ 42. Kg1 Qg3+ 43. Kh1 Qg2# 0-1


[Site "https://www.chess.com"]

[Event "Early Titled Tuesday Blitz | February 8 2022"]
[White "Johnson, Ben"]
[Black "Potapova, Margarita"]
[WhiteFideId "2010917"]
[BlackFideId "14126869"]
[WhiteElo "2157"]
[BlackElo "2209"]
[Result "0-1"]
[Round "01"]
[TimeControl "180+1"]
[Date "2022.02.08"]
[WhiteClock "0:00:05"]
[BlackClock "0:00:39"]

1. Nf3 Nf6 2. c4 e6 3. b3 b6 4. Bb2 Bb7 5. e3 Be7 6. Be2 O-O 7. O-O a5 8. Nc3 d6 9. d4 Nbd7 10. Qc2 Re8 11. e4 e5 12. d5 Bf8 13. a3 Nh5 14. g3 g6 15. Nd2 Bg7 16. Bxh5 gxh5 17. Qd1 Nf6 18. f4 exf4 19. gxf4 Bc8 20. Kh1 Ng4 21. Qf3 Qh4 22. Qg3 Qxg3 23. hxg3 Ne3 24. Rf3 Nc2 25. Rb1 Nd4 26. Rf2 Bg4 27. Kg2 f5 28. exf5 Nxf5 29. Nce4 Bxb2 30. Rxb2 Kg7 31. Ng5 Ne3+ 32. Kh2 Nd1 33. Ndf3 h6 34. Ne6+ Bxe6 35. dxe6 Nxb2 36. Rxb2 Rxe6 37. Nd4 Ree8 38. Kh3 Re1 39. Nf5+ Kg6 40. Nh4+ Kf7 41. Rd2 Rae8 42. Nf5 R8e2 43. Rxe2 Rxe2 44. Nxh6+ Kg6 45. Ng8 Kg7 0-1


[Site "https://www.chess.com"]

[Event "Early Titled Tuesday Blitz | February 8 2022"]
[White "Jones, Gawain C B"]
[Black "Bettalli, Francesco"]
[WhiteFideId "409561"]
[BlackFideId "2816453"]
[WhiteElo "2657"]
[BlackElo "2216"]
[Result "1-0"]
[Round "01"]
[TimeControl "180+1"]
[Date "2022.02.08"]
[WhiteClock "0:01:10"]
[BlackClock "0:01:41"]

1. Nf3 c5 2. g3 g6 3. Bg2 Bg7 4. O-O e6 5. d4 cxd4 6. Nxd4 d5 7. c4 Ne7 8. Nc3 Nbc6 9. Nxc6 bxc6 10. Qd3 O-O 11. Bd2 Ba6 12. b3 dxc4 13. bxc4 Qxd3 14. exd3 Rfd8 15. Rac1 Rxd3 16. Ne4 Rd4 17. Bg5 Nf5 18. Nf6+ Bxf6 19. Bxf6 Rxc4 20. Bxc6 Rc8 21. Rxc4 Bxc4 22. Bd7 Rc7 23. Rb1 Ne7 24. Rb8+ Nc8 25. Bxc8 1-0


[Site "https://www.chess.com"]

[Event "Early Titled Tuesday Blitz | February 8 2022"]
[White "Kalajzic, Ivan"]
[Black "Aradhya, Garg"]
[WhiteFideId "14506378"]
[BlackFideId "25006746"]
[WhiteElo "2163"]
[BlackElo "2169"]
[Result "0-1"]
[Round "01"]
[TimeControl "180+1"]
[Date "2022.02.08"]
[WhiteClock "0:01:22"]
[BlackClock "0:00:53"]

1. b3 e5 2. Bb2 Nc6 3. e3 g6 4. Bb5 Bg7 5. Nf3 Nge7 6. d4 e4 7. Nfd2 d5 8. c4 f5 9. cxd5 Nxd5 10. a3 O-O 11. O-O Nce7 12. Nc3 Nxc3 13. Bxc3 c5 14. Bc4+ Kh8 15. Qc2 cxd4 16. Bxd4 Bxd4 17. exd4 Qxd4 18. Rad1 Qf6 19. Nb1 Nc6 20. Qc3 Qxc3 21. Nxc3 Ne5 22. Nd5 Nxc4 23. bxc4 Be6 24. f3 Rac8 25. fxe4 Rxc4 26. exf5 Rxf5 27. Ne3 Rxf1+ 28. Rxf1 Rc3 29. Rf3 Rxa3 30. Kf2 Kg8 31. Rf6 Bd7 32. Rd6 Bc6 33. Ng4 Kg7 34. Re6 Ra2+ 35. Ke3 Rxg2 36. Re7+ Kf8 0-1


[Site "https://www.chess.com"]

[Event "Early Titled Tuesday Blitz | February 8 2022"]
[White "Kalogridis, Antonios"]
[Black "Madaminov, Mukhiddin"]
[WhiteFideId "25833901"]
[BlackFideId "14210703"]
[WhiteElo "1495"]
[BlackElo "1916"]
[Result "0-1"]
[Round "01"]
[TimeControl "180+1"]
[Date "2022.02.08"]
[WhiteClock "0:00:06"]
[BlackClock "0:00:35"]

1. d4 Nf6 2. c4 e6 3. Nc3 d5 4. cxd5 Nxd5 5. e4 Nxc3 6. bxc3 c5 7. Nf3 cxd4 8. cxd4 Be7 9. Bc4 O-O 10. O-O Nd7 11. Bb2 b6 12. Re1 Bb7 13. Qe2 Rc8 14. Rad1 Nf6 15. Bd3 Qe8 16. Ne5 Qa4 17. Bb5 Qxa2 18. Ra1 Qb3 19. Rxa7 Rc2 20. Qe3 Qxb5 21. Rxb7 Bb4 22. Qb3 Qa6 23. Qxc2 Qxb7 24. Re2 Rc8 25. Qd3 b5 26. f3 Bf8 27. h3 b4 28. Ng4 Nd7 29. d5 exd5 30. exd5 Nc5 31. Qd4 Na4 32. Ba1 Bc5 33. Qxc5 Nxc5 0-1


[Site "https://www.chess.com"]

[Event "Early Titled Tuesday Blitz | February 8 2022"]
[White "Kamsky, Gata"]
[Black "Tymrakiewicz, Rafal"]
[WhiteFideId "2000024"]
[BlackFideId "1108832"]
[WhiteElo "2645"]
[BlackElo "2205"]
[Result "1-0"]
[Round "01"]
[TimeControl "180+1"]
[Date "2022.02.08"]
[WhiteClock "0:00:17"]
[BlackClock "0:00:01"]

1. e4 Nf6 2. e5 Nd5 3. Nf3 d6 4. d4 g6 5. Be2 Bg7 6. O-O O-O 7. h3 dxe5 8. Nxe5 Nd7 9. Nxd7 Bxd7 10. Bf3 c6 11. Re1 Re8 12. c3 Qc7 13. Nd2 e5 14. Bxd5 cxd5 15. dxe5 Rxe5 16. Rxe5 Bxe5 17. Nf3 Bg7 18. Be3 Re8 19. Qxd5 Bc6 20. Qc5 Bf8 21. Qc4 b5 22. Qd4 Bxf3 23. gxf3 a6 24. Rd1 h5 25. Kg2 Bg7 26. Qd5 Kh7 27. Qd7 Re7 28. Qxc7 Rxc7 29. Rd6 a5 30. Bb6 Re7 31. Rd5 b4 32. Bxa5 bxc3 33. bxc3 Re2 34. a3 Bf8 35. Bb4 Bh6 36. Rd7 Kg8 37. Re7 Rc2 38. a4 Bg5 39. Re8+ Kg7 40. a5 Bh4 41. Bc5 Rxc3 42. Bd4+ Bf6 43. Bxc3 Bxc3 44. a6 Bd4 45. Rb8 Be5 46. Rb7 1-0


[Site "https://www.chess.com"]

[Event "Early Titled Tuesday Blitz | February 8 2022"]
[White "Kett, Tim"]
[Black "Camacho Collados, Jose"]
[WhiteFideId "1801210"]
[BlackFideId "2265427"]
[WhiteElo "2098"]
[BlackElo "2351"]
[Result "0-1"]
[Round "01"]
[TimeControl "180+1"]
[Date "2022.02.08"]
[WhiteClock "0:01:55"]
[BlackClock "0:02:34"]

1. e4 c5 2. Nf3 Nc6 3. d4 cxd4 4. Nxd4 Nf6 5. Nc3 e6 6. Be3 Bb4 7. Be2 d5 8. exd5 Nxd5 9. O-O Bxc3 10. bxc3 Nxc3 11. Qd3 Nxd4 0-1


[Site "https://www.chess.com"]

[Event "Early Titled Tuesday Blitz | February 8 2022"]
[White "Khachiyan, Melikset"]
[Black "De Souza, Cristiano Gomes"]
[WhiteFideId "13300512"]
[BlackFideId "2151758"]
[WhiteElo "2484"]
[BlackElo "2068"]
[Result "1-0"]
[Round "01"]
[TimeControl "180+1"]
[Date "2022.02.08"]
[WhiteClock "0:02:03"]
[BlackClock "0:01:37"]

1. d4 Nf6 2. Nc3 g6 3. e4 d6 4. Bg5 Bg7 5. e5 dxe5 6. dxe5 Qxd1+ 7. Rxd1 Ng4 8. h3 Nxe5 9. Nd5 O-O 10. Nxc7 Nbc6 11. Nxa8 Be6 12. Nc7 Bxa2 13. c3 h6 14. Be3 a6 15. Nd5 e6 16. Nb6 Kh7 17. Nd7 Rd8 18. Nxe5 Rxd1+ 19. Kxd1 Bxe5 20. Nf3 Bd6 21. Bd3 f5 22. Nd4 e5 23. Nxc6 bxc6 24. Bxa6 Bd5 25. f3 Kg7 26. Kc2 1-0


[Site "https://www.chess.com"]

[Event "Early Titled Tuesday Blitz | February 8 2022"]
[White "Khamdamova, Afruza"]
[Black "Gaehwiler, Gabriel"]
[WhiteFideId "14210444"]
[BlackFideId "1314530"]
[WhiteElo "1660"]
[BlackElo "2383"]
[Result "1-0"]
[Round "01"]
[TimeControl "180+1"]
[Date "2022.02.08"]
[WhiteClock "0:00:12"]
[BlackClock "0:00:08"]

1. e4 c5 2. Nf3 Nc6 3. d4 cxd4 4. Nxd4 d6 5. Nc3 Bd7 6. Be3 Nf6 7. f3 a6 8. Bc4 Rc8 9. Bb3 e6 10. O-O Be7 11. f4 Nxd4 12. Bxd4 Bc6 13. Qd3 O-O 14. Rad1 b5 15. a3 Nd7 16. Qg3 Bf6 17. e5 dxe5 18. fxe5 Be7 19. Qg4 Nc5 20. Ba2 Qe8 21. b4 Nd7 22. Ne4 Kh8 23. c3 Ba8 24. Bb1 Qd8 25. Qh3 g6 26. Nf6 Nxf6 27. exf6 Bd6 28. Kh1 Rg8 29. Be5 Bxe5 30. Rxd8 Rcxd8 31. Qh6 Bxc3 32. Bc2 Rd2 33. Rf4 Bxg2+ 34. Kg1 Bxf6 35. Rxf6 Rxc2 36. Rxf7 1-0


[Site "https://www.chess.com"]

[Event "Early Titled Tuesday Blitz | February 8 2022"]
[White "Khoroshev, Nikita"]
[Black "Derraugh, Geordie"]
[WhiteFideId "14200287"]
[BlackFideId "2603950"]
[WhiteElo "2354"]
[BlackElo "2116"]
[Result "1-0"]
[Round "01"]
[TimeControl "180+1"]
[Date "2022.02.08"]
[WhiteClock "0:00:10"]
[BlackClock "0:00:50"]

1. e4 e5 2. Nf3 Nc6 3. Bb5 a6 4. Ba4 Nf6 5. O-O Be7 6. Re1 b5 7. Bb3 O-O 8. h3 h6 9. d3 Re8 10. c3 Bf8 11. a4 Rb8 12. axb5 axb5 13. Nbd2 d5 14. Qc2 Be6 15. Ra6 Qd6 16. exd5 Bxd5 17. Bxd5 Qxd5 18. Ne4 Nxe4 19. dxe4 Qc4 20. b3 Qc5 21. Be3 Nb4 22. Qd2 Red8 23. Bxc5 Rxd2 24. Bxb4 c5 25. Nxd2 cxb4 26. c4 bxc4 27. Nxc4 1-0


[Site "https://www.chess.com"]

[Event "Early Titled Tuesday Blitz | February 8 2022"]
[White "Komiagina, Maria"]
[Black "Yang, Kaiqi"]
[WhiteFideId "4153987"]
[BlackFideId "8604398"]
[WhiteElo "1945"]
[BlackElo "2373"]
[Result "0-1"]
[Round "01"]
[TimeControl "180+1"]
[Date "2022.02.08"]
[WhiteClock "0:00:32"]
[BlackClock "0:00:16"]

1. e4 c5 2. Nf3 Nf6 3. d3 Nc6 4. h3 d6 5. Nc3 g6 6. Be2 Bg7 7. O-O O-O 8. Be3 b6 9. Qd2 e5 10. a3 Bb7 11. Rab1 d5 12. exd5 Nxd5 13. Nxd5 Qxd5 14. Bh6 Nd4 15. Bxg7 Kxg7 16. Bd1 Rfe8 17. Re1 f6 18. c3 Ne6 19. Be2 Nf4 20. Kh2 Rad8 21. Rbd1 g5 22. Bf1 h5 23. Qe3 g4 24. Nh4 gxh3 25. Nf5+ Kh7 26. c4 Qc6 27. f3 hxg2 28. Bxg2 Rg8 29. Rg1 Rg5 30. Nh4 Rdg8 31. Bh1 Qe6 0-1


[Site "https://www.chess.com"]

[Event "Early Titled Tuesday Blitz | February 8 2022"]
[White "Korkmaz, Necmettin"]
[Black "Allahverdiyeva, Ayan"]
[WhiteFideId "6303285"]
[BlackFideId "13412590"]
[WhiteElo "2094"]
[BlackElo "1910"]
[Result "1-0"]
[Round "01"]
[TimeControl "180+1"]
[Date "2022.02.08"]
[WhiteClock "0:00:59"]
[BlackClock "0:00:01"]

1. e4 c5 2. Nc3 Nc6 3. f4 d6 4. Nf3 g6 5. Bc4 Bg7 6. O-O e6 7. d3 Nge7 8. Qe1 O-O 9. f5 gxf5 10. Qh4 Ng6 11. Qh5 Nd4 12. Ng5 h6 13. Nxf7 Rxf7 14. Qxg6 Qf6 15. Qxf6 Rxf6 16. exf5 Nxc2 17. fxe6 Bxe6 18. Rxf6 Bxc4 19. dxc4 Bxf6 20. Rb1 Bd4+ 21. Kh1 Kg7 22. Bf4 Rf8 23. Bxd6 Rf2 24. Bg3 Rd2 25. Bf4 Rf2 26. Nd5 b6 27. a3 Re2 28. b4 Ne1 29. bxc5 bxc5 30. Rb7+ Kg6 31. g4 Nf3 32. Ne7+ Kf6 33. Ng8+ Kg6 34. Ne7+ Kf6 35. Nd5+ Kg6 36. Bg3 Rc2 37. h4 1-0


[Site "https://www.chess.com"]

[Event "Early Titled Tuesday Blitz | February 8 2022"]
[White "Kornyukov, Alexey"]
[Black "Taboas Rodriguez, Daniel"]
[WhiteFideId "4150457"]
[BlackFideId "2208466"]
[WhiteElo "2303"]
[BlackElo "2429"]
[Result "0-1"]
[Round "01"]
[TimeControl "180+1"]
[Date "2022.02.08"]
[WhiteClock "0:01:12"]
[BlackClock "0:01:53"]

1. e4 e6 2. d4 d5 3. Nc3 Nc6 4. Nf3 Nf6 5. Bg5 Be7 6. e5 Ne4 7. Bxe7 Qxe7 8. Bd3 Nxc3 9. bxc3 O-O 10. O-O Bd7 11. Rb1 b6 12. Qd2 f5 13. exf6 gxf6 14. h3 Kh8 15. Nh2 Rg8 16. Kh1 e5 17. dxe5 fxe5 18. f3 Qg5 19. Qf2 Raf8 20. Rg1 e4 21. Be2 e3 22. Qe1 Ne5 23. Ng4 Bxg4 24. fxg4 Rf2 25. Bd3 Nxg4 26. c4 Qf4 27. Rf1 Qh2# 0-1


[Site "https://www.chess.com"]